 Dungeon Crawl Stone Soup version 0.19-a0-944-gb338e1e (webtiles) character file.

28 MrRokkomies the Sneak (level 3, 0/21 HPs)
             Began as a Halfling Enchanter on July 10, 2016.
             Slain by a jackal (1 damage)
             ... on level 2 of the Dungeon on July 11, 2016.
             The game lasted 00:03:21 (544 turns).

MrRokkomies the Sneak (Halfling Enchanter)           Turns: 544, Time: 00:03:22

Health: 0/21       AC:  3    Str:  7 (8)  XL:     3   Next: 27%
Magic:  2/5        EV: 14    Int: 13 (15) God:
Gold:   54         SH:  0    Dex: 12 (14) Spells: 2 memorised, 2 levels left

rFire  . . .     SeeInvis .     a - +1 dagger
rCold  . . .     Gourm    .     g - +1 robe
rNeg   . . .     Faith    .     (shield restricted)
rPois  .         Spirit   .     (no helmet)
rElec  .         Dismiss  .     (no cloak)
rCorr  .         Reflect  .     (no gloves)
SustAt .         Harm     .     (no boots)
MR     .....                    (no amulet)
Stlth  ++........               (no ring)
                                (no ring)

@: very slightly contaminated, not resistant to hostile enchantments, unstealthy
A: mutation resistance 1
a: no special abilities


You were on level 2 of the Dungeon.
You were not hungry.

You visited 1 branch of the dungeon, and saw 2 of its levels.

You collected 54 gold pieces.

Inventory:

Hand Weapons
 a - a +1 dagger (weapon)
 b - a +0 hunting sling
Missiles
 j - 41 stones (quivered)
Armour
 g - a +1 robe (worn)
Scrolls
 k - 2 scrolls of teleportation {unknown}
Potions
 e - a potion of brilliance
Books
 c - a book of Maledictions

   Spells                             Type                      Level
   a - Corona                         Hexes                        1
   b - Ensorcelled Hibernation        Hexes/Ice                    2
   c - Confuse                        Hexes                        3
   d - Tukima's Dance                 Hexes                        3
   e - Dazzling Spray                 Conjuration/Hexes            3
Comestibles
 d - 3 bread rations
 m - a beef jerky


   Skills:
 - Level 0.1 Fighting
 * Level 3.0 Short Blades
 - Level 2.1 Dodging
 - Level 3.2 Stealth
 - Level 1.5 Spellcasting
 * Level 3.2 Hexes


You had 2 spell levels left.
You knew the following spells:

 Your Spells              Type           Power        Failure   Level  Hunger
a - Corona                Hex            #......      10%         1    ##.....
b - Ensorcelled Hibernat  Hex/Ice        #.....       21%         2    ###....


Dungeon Overview and Level Annotations

Branches:
Dungeon (2/15)

Altars:


Innate Abilities, Weirdness & Mutations

You are small and have problems with some larger weapons.
You are somewhat resistant to further mutation.


Message History

The jackal closely misses you.
The jackal bites you but does no damage.
The goblin barely misses you. The jackal closely misses you.
The jackal misses you.
You closely miss the jackal. The jackal bites you.
* * * LOW HITPOINT WARNING * * *
The goblin completely misses you. The jackal completely misses you.
The jackal misses you.
You hit the jackal but do no damage. The jackal misses you.
The jackal bites you.
* * * LOW HITPOINT WARNING * * *
The jackal barely misses you. The goblin barely misses you.
The jackal bites you but does no damage.
You completely miss the jackal. The jackal bites you.
* * * LOW HITPOINT WARNING * * *
The jackal misses you.
The jackal bites you but does no damage.
The goblin completely misses you.
You miss the jackal. The jackal barely misses you. The jackal bites you.
You die...

.........#..........
.........##.........
.....(...##.........
....................
........##g.........
#####....#........r.
####.#.rhh......
#.#.#h###....
###..hh@###....
#####<....#hg......
#................$.
#..................
#....†......###....
#...........# ....
#...........# ...
############# ..


You could see a quokka, 6 jackals and 2 goblins.

Vanquished Creatures
  An adder (D:2)
  2 bats (D:1)
  2 giant cockroaches (D:1)
  A goblin (D:1)
  3 hobgoblins (D:1)
  4 jackals
  A kobold (D:1)
  2 rats
16 creatures vanquished.

Notes
Turn   | Place    | Note
-------+----------+-------------------------------------------
     0 | D:1      | MrRokkomies the Halfling Enchanter began the quest for the Orb.
     0 | D:1      | Reached XP level 1. HP: 11/11 MP: 3/3
   110 | D:1      | Reached XP level 2. HP: 17/17 MP: 4/4
   114 | D:1      | Learned a level 2 spell: Ensorcelled Hibernation
   490 | D:2      | Reached XP level 3. HP: 16/21 MP: 0/5
   543 | D:2      | HP: 1/21 [jackal (2)]
   544 | D:2      | Slain by a jackal

Vault maps used:
D:1:      tarquinn_simple_flora_water_d

Skill      XL: |  1  2  3 |
---------------+----------+-----
Short Blades   | 2 3 |  3.0
Hexes          | 3 |  3.2
Fighting       | |  0.1
Dodging        | |  2.1
Stealth        | |  3.2
Spellcasting   | |  1.5

Action                   || total
-------------------------++-------
Melee: Dagger            ||    80
 Fire: Hunting sling     ||     2
 Cast: Ensorcelled Hiber ||     1
  Use: Scroll            ||     1
       Potion            ||     3
 Stab: Sleeping          ||     3
Armor: Robe              ||    38
Dodge: Dodged            ||   117
